 Dungeon Crawl Stone Soup version 0.22.1-6-g1668fe2c40 (webtiles) character file.

578 Kohma the Vexing (level 7, -5/32 HPs)
             Began as a Vine Stalker Enchanter on Jan 28, 2019.
             Slain by a slave (8 damage)
             ... led by Pikel
             ... on level 4 of the Dungeon.
             The game lasted 00:15:08 (4733 turns).

Kohma the Vexing (Vine Stalker Enchanter)           Turns: 4733, Time: 00:15:09

Health: -5/32      AC:  3    Str: 12    XL:     7   Next: 35%
Magic:  0/11       EV: 12    Int: 15    God:
Gold:   250        SH:  0    Dex: 15    Spells: 4/10 levels left

rFire    . . .     SeeInvis .   h - +0 dagger (freeze)
rCold    . . .     Gourm    .   (no shield)
rNeg     . . .     Faith    .   u - +0 leather armour {rPois}
rPois    +         Spirit   +   (no helmet)
rElec    .         Reflect  .   (no cloak)
rCorr    .         Harm     .   (no gloves)
MR       .....                  (no boots)
Stlth    +++.......             (no amulet)
HPRegen  0.50/turn              (no ring)
MPRegen  0.12/turn              (no ring)

@: no status effects
A: fangs 2, regeneration 1, magic shield, antimagic bite, no potion heal 3, rot
immunity
a: no special abilities


You were on level 4 of the Dungeon.
You were not hungry.

You visited 1 branch of the dungeon, and saw 5 of its levels.

You collected 250 gold pieces.

Inventory:

Hand Weapons
 a - a +1 dagger
 c - a +0 hunting sling
 h - a +0 dagger of freezing (weapon)
 v - a +0 rapier
Missiles
 e - 171 stones
 l - a throwing net (quivered)
 y - 18 arrows
 z - 7 silver javelins
Armour
 b - a +0 robe
 u - a +0 leather armour of poison resistance (worn)
Jewellery
 f - an uncursed ring of stealth {unknown}
 q - an uncursed amulet of regeneration {unknown}
 x - a +4 ring of intelligence {unknown}
Scrolls
 g - 5 scrolls of identify {unknown}
 i - a scroll of random uselessness {unknown}
 m - 3 scrolls of teleportation {unknown}
 p - 2 scrolls of magic mapping {unknown}
 r - 4 scrolls of remove curse {unknown}
 s - a scroll of enchant weapon {unknown}
 t - a scroll of blinking {unknown}
Potions
 j - 2 potions of invisibility {unknown}
 k - 2 potions of heal wounds
 n - a potion of curing {unknown}
 o - a potion of brilliance {unknown}
 w - 2 potions of haste {unknown}
Comestibles
 d - 10 rations
 A - 6 chunks of flesh


   Skills:
 + Level 3.5 Short Blades
 - Level 1.5 Dodging
 - Level 5.0 Stealth
 - Level 2.1 Spellcasting
 * Level 5.7 Hexes
 - Level 3.0 Ice Magic


You had 4 spell levels left.
You knew the following spells:

 Your Spells              Type           Power        Failure   Level  Hunger
a - Corona                Hex            ###....      2%          1    #......
b - Ensorcelled Hibernat  Hex/Ice        ##....       7%          2    ###....
c - Confuse               Hex            ###.....     8%          3    ###....

Your spell library contained the following spells:

 Spells                   Type           Power        Failure   Level  Hunger
 Tukima's Dance           Hex            ###.....     8%          3    ###....
 Dazzling Spray           Conj/Hex       ##....       26%         3    ###....


Dungeon Overview and Level Annotations

Branches:
Dungeon (5/15)
 Temple: D:4-7

Altars:
Elyvilon

Shops:
D:4 (

Annotations:
D:3 3 runed doors, Elizilla's ghost, amateur FoFi; Skippwaahh's ghost, amateur VSWr
D:4 Pikel


Innate Abilities, Weirdness & Mutations

You have extremely sharp teeth.
Your natural rate of healing is unusually fast.
When hurt, damage is shared between your health and your magic reserves.
Your bite disrupts and absorbs the magic of your enemies.
Potions cannot restore your health.
You are immune to rotting.


Message History

The helpless Pikel fails to defend himself.
You impale Pikel!! You freeze Pikel.
Pikel is severely wounded.
Pikel hits you with a whip of freezing. Pikel freezes you.
You hit Pikel but do no damage.
Pikel is severely wounded.
Pikel hits you with a whip of freezing. Pikel freezes you.
You barely miss Pikel. You bite Pikel, but do no damage.
Pikel is severely wounded.
The slave hits you. Pikel barely misses you. The slave barely misses you.
Pikel hits you with a whip of freezing!
* * * LOW HITPOINT WARNING * * *
Pikel freezes you.
* * * LOW HITPOINT WARNING * * *
You climb upwards.
There is a stone staircase leading down here.
Okay, then.
It was a potion of heal wounds.
That seemed strangely inert.
The slave hits you!
You die...

#.####.####.###
#.##.#
#...##.#.....<#
#.##.##
###.#..#......#
#.##..##
#...##......#
#...#..#
#####.>###......#
###.##.# #...#..#
#......# #.##..
#⌠..##.# ########
#..###
##...#.#####
##.###
#...'..[@[# #....
#####...Kp# #....
#.......# #....
#.......# #....
#.......# #....
#.......# #....
#..[....# #....
#.......# #....
######### #####


You could see Pikel and a slave.

Vanquished Creatures
  Sigmund (D:4)
  3 slaves
  A hound (D:4)
  2 orc wizards
  An orc priest (D:4)
  3 worker ants
  3 gnolls (D:4)
  9 adders
  A dart slug (D:1)
  3 worms (D:2)
  3 leopard geckos
  14 orcs
  2 ball pythons
  4 giant cockroaches
  7 goblins
  9 hobgoblins
  6 jackals
  4 quokkas
  10 bats
  8 frilled lizards
  10 kobolds
  9 rats
113 creatures vanquished.

Vanquished Creatures (others)
  A withered plant (D:3)
1 creature vanquished.

Grand Total: 114 creatures vanquished

Notes
Turn   | Place    | Note
-------+----------+-------------------------------------------
     0 | D:1      | Kohma the Vine Stalker Enchanter began the quest for the
                  | Orb.
     0 | D:1      | Reached XP level 1. HP: 9/9 MP: 4/4
   133 | D:1      | Reached skill level 1 in Short Blades
   315 | D:1      | Reached XP level 2. HP: 13/13 MP: 6/6
   319 | D:1      | Learned a level 2 spell: Ensorcelled Hibernation
   909 | D:1      | Reached XP level 3. HP: 16/16 MP: 7/7
  1207 | D:1      | Reached skill level 5 in Stealth
  1401 | D:2      | Found a white marble altar of Elyvilon.
  1640 | D:2      | Gained mutation: Your natural rate of healing is unusually
                  | fast. [Vine Stalker growth]
  1640 | D:2      | Reached XP level 4. HP: 13/21 MP: 6/8
  1666 | D:2      | Reached skill level 1 in Ice Magic
  1704 | D:2      | Learned a level 3 spell: Confuse
  2410 | D:3      | Reached XP level 5. HP: 24/24 MP: 6/9
  3211 | D:3      | Found a runed gate.
  3211 | D:3      | Found a runed gate.
  3211 | D:3      | Found a runed gate.
  3211 | D:3      | Noticed Skippwaahh's ghost (amateur VSWr)
  3213 | D:3      | Noticed Elizilla's ghost (amateur FoFi)
  3584 | D:4      | Reached XP level 6. HP: 25/28 MP: 4/10
  4183 | D:4      | Found Bepuas's Weapon Shop.
  4414 | D:4      | Noticed Sigmund
  4423 | D:4      | Killed Sigmund
  4423 | D:4      | Reached skill level 5 in Hexes
  4423 | D:4      | Reached XP level 7. HP: 23/32 MP: 5/11
  4488 | D:5      | Entered Level 5 of the Dungeon
  4654 | D:5      | Noticed Pikel
  4733 | D:4      | Slain by a slave

Skill      XL: |  1  2  3  4  5  6 |
---------------+-------------------+-----
Short Blades   | 1 2 3 |  3.5
Stealth        | 4 5 |  5.0
Ice Magic      | 1 2 3 |  3.0
Hexes          | 4 5 |  5.7
Dodging        | |  1.5
Spellcasting   | |  2.1

Action                   |  1- 3 |  4- 6 |  7- 9 || total
-------------------------+-------+-------+-------++-------
Melee: Dagger            |   107 |   209 |    12 ||   328
       Bite              |    22 |    36 |     2 ||    60
 Cast: Ensorcelled Hiber |     2 |    21 |    16 ||    39
  Use: Potion            |       |       |     1 ||     1
 Stab: Sleeping          |    15 |    29 |     9 ||    53
  Eat: Chunk             |     2 |    11 |       ||    13
       Ration            |       |       |     1 ||     1
Armor: Robe              |    22 |    14 |       ||    36
       Leather armour    |       |    16 |     5 ||    21
Dodge: Dodged            |    37 |   116 |    13 ||   166
